 Dungeon Crawl Stone Soup version 0.28-a0-503-g83f2989fac (webtiles) character file.

Game seed: 11222777847379761055

220 Tocho the Sneak (level 5, 0/37 HPs)
             Began as a Vampire Earth Elementalist on Sept 20, 2021.
             Slain by a scorpion (6 damage)
             ... on level 5 of the Dungeon.
             The game lasted 00:12:40 (3128 turns).

Tocho the Sneak (Vampire Earth Elementalist)        Turns: 3128, Time: 00:12:41

Health: 0/37       AC:  5    Str:  5 (7)  XL:     5   Next: 64%
Magic:  8/9        EV: 12    Int: 18      God:
Gold:   91         SH:  0    Dex: 24 (27) Spells: 3/10 levels left

rFire   . . .      SeeInvis +   j - +2 dagger (protect)
rCold   . . .      Faith    .   (no shield)
rNeg    . . .      Spirit   .   g - +0 leather armour
rPois   .          Reflect  .   (no helmet)
rElec   .          Harm     .   v - +1 cloak
rCorr   .          Rampage  .   (no gloves)
Will    .....                   (no boots)
Stlth   +++.......              (no amulet)
HPRegen 0.32/turn               d - +6 ring of dexterity
MPRegen 0.11/turn               p - +6 ring of dexterity

@: lethally poisoned (0 -> -2), about to teleport, very slightly contaminated,
healing quickly
A: alive, fangs 3, see invisible, vampiric 2
a: Exsanguinate


You were on level 5 of the Dungeon.
You visited 1 branch of the dungeon, and saw 5 of its levels.

You collected 91 gold pieces.

Inventory:

Hand Weapons
 a - a +0 short sword
 j - a +2 dagger of protection (weapon)
 x - a +0 falchion of protection
Missiles
 c - 2 stones
Armour
 b - a +0 robe
 g - a +0 leather armour (worn)
 k - a +0 scale mail
 v - a +1 cloak (worn)
Magical Staves
 i - a staff of poison
 s - a staff of conjuration
Jewellery
 d - a +6 ring of dexterity (left hand)
 e - a ring of flight
 o - a ring of protection from fire
 p - a +6 ring of dexterity (right hand)
 w - a ring of resist corrosion
Wands
 f - a wand of flame (10)
Scrolls
 h - a scroll of magic mapping {unknown}
 l - a scroll of fear {unknown}
 m - a scroll of identify {unknown}
 n - a scroll of acquirement {unknown}
 q - a scroll of noise
 u - a scroll of enchant weapon {unknown}


   Skills:
 + Level 1.0 Fighting
 + Level 2.4 Short Blades
 + Level 1.3 Armour
 + Level 2.6 Dodging
 + Level 4.2 Stealth
 + Level 3.0 Spellcasting
 + Level 1.1 Transmutations
 + Level 3.9 Earth Magic


You had 3 spell levels left.
You knew the following spells:

 Your Spells              Type           Power      Damage    Failure   Level
a - Sandblast             Erth           34%        2d9       5%          1
b - Passwall              Tmut/Erth      9%         N/A       14%         2
c - Sting                 Tmut/Pois      16%        1d3       22%         1
d - Stone Arrow           Conj/Erth      18%        3d8       34%         3

Your spell library contained the following spells:

 Spells                   Type           Power      Damage    Failure   Level
 Foxfire                  Conj/Fire      8%         2x1d4     26%         1
 Conjure Flame            Conj/Fire      2%         6-21      61%         3
 Inner Flame              Hex/Fire       2%         N/A       61%         3
 Petrify                  Tmut/Erth      11%        N/A       67%         4
 Flame Wave               Conj/Fire      2%         3d3       95%         4
 Dragon Form              Tmut           3%         N/A       100%        7
 Storm Form               Tmut/Air       2%         N/A       100%        7


Dungeon Overview and Level Annotations

Branches:
Dungeon (5/15)
 Temple: D:4-7

Altars:
Uskayaw

Shops:
D:1 *

Annotations:
D:4 Eustachio


Innate Abilities, Weirdness & Mutations

Your natural rate of healing is accelerated.
You have razor-sharp teeth.
You have supernaturally acute eyesight. (SInv)
You are afflicted with vampirism and can become a bat while bloodless.


Message History

The scorpion stings you but does no damage.
The phantom closely misses you.
You hit the phantom but do no damage.
The phantom is severely damaged.
You feel sick. The scorpion stings you.
You are more poisoned.
The scorpion poisons you!
The phantom hits you but does no damage.
You feel very sick.
The scorpion stings you but does no damage.
You feel very sick.
Aiming: Sandblast (safe; 5% risk of failure)
Press: ? - help, Q - select action, (/) - cycle Shift-Dir - straight line, f/p - phantom
Aim: a phantom (severely damaged, 71% to hit)
You miscast Sandblast.
You are very lightly contaminated with residual magic.
Nothing appears to happen.
You feel very sick.
The scorpion stings you but does no damage.
The scorpion closely misses you.
You are too injured to fight recklessly!
You are too injured to fight recklessly!
You are too injured to fight recklessly!
You hit the scorpion but do no damage.
You bite the scorpion, but do no damage.
You feel sick.
The scorpion stings you but does no damage.
You barely miss the scorpion.
You feel sick.
The scorpion stings you but does no damage.
You barely miss the scorpion.
You feel sick.
The scorpion stings you but does no damage.
You aren't carrying any potions.
Unknown command.
You aren't carrying any potions.
As you read the scroll of teleportation, it crumbles to dust.
You feel strangely unstable.
You feel sick. The scorpion barely misses you.
You feel sick.
An ufetubus comes into view.
You feel sick. The scorpion stings you.
You die...

..... .....
#..... ....
###... ..
####...#....
...#...........
#.....@#
......#s# . .###5
#.# ...
#....##W##.......
.................
#.##.............
# #####.........
#.^.......#..
####...........


You could see a phantom, a scorpion and an ufetubus (asleep).

Vanquished Creatures
  An orc priest (D:3)
  Ijyb (D:3)
  Terence (D:3)
  5 adders
  2 worms (D:3)
  6 dart slugs
  4 orcs (D:3)
  4 bats
  6 endoplasms
  6 giant cockroaches
  4 hobgoblins
  3 jackals (D:3)
  3 quokkas
  7 ball pythons
  3 frilled lizards
  5 goblins
  7 kobolds
  3 rats (D:3)
71 creatures vanquished.

Notes
Turn   | Place    | Note
-------+----------+-------------------------------------------
     0 | D:1      | Tocho the Vampire Earth Elementalist began the quest for
                  | the Orb.
     0 | D:1      | Reached XP level 1. HP: 13/13 MP: 3/3
   104 | D:1      | Reached XP level 2. HP: 13/19 MP: 1/5
   446 | D:1      | Found Gaekhlel's Assorted Antiques.
   458 | D:1      | Reached skill level 1 in Short Blades
   779 | D:2      | Gained mutation: You are afflicted with vampirism and can
                  | become a bat while bloodless. [Vampire growth]
   779 | D:2      | Reached XP level 3. HP: 25/25 MP: 4/6
  1564 | D:3      | Found a hide-covered altar of Uskayaw.
  1568 | D:3      | Reached XP level 4. HP: 31/31 MP: 7/7
  1625 | D:3      | Got the Catalogue of Moulding
  1897 | D:3      | Reached skill level 4 in Stealth
  2009 | D:3      | Found a faded altar of an unknown god.
  2031 | D:3      | HP: 1/31 [orc priest (3)]
  2033 | D:3      | Reached skill level 1 in Armour
  2167 | D:3      | Found a glowing drain.
  2177 | D:3      | Noticed Terence
  2194 | D:3      | Killed Terence
  2195 | D:3      | Reached skill level 1 in Fighting
  2195 | D:3      | Reached XP level 5. HP: 17/37 MP: 0/9
  2195 | D:3      | Noticed Ijyb
  2493 | D:3      | Killed Ijyb
  2940 | D:3      | Learned a level 2 spell: Passwall
  2942 | D:3      | Learned a level 1 spell: Sting
  2946 | D:3      | Learned a level 3 spell: Stone Arrow
  2981 | D:4      | Noticed Eustachio
  2993 | D:5      | Entered Level 5 of the Dungeon
  3093 | D:5      | Noticed a phantom
  3128 | D:5      | Slain by a scorpion

Illustrated notes

Levels and vault maps discovered:
D:1:      dpeg_arrival_tiny_g, layout_loops_ring, serial_shops,
          nicolae_shop_behind_doors
D:2:      layout_basic
D:3:      layout_loops_corners, eat_drink_and_be_merry_uskayaw,
          ebering_ecumenical_altar_ruins, gup_sewer_entry_glass, uniq_ijyb,
          uniq_terence
D:4:      layout_loops_ring, hangedman_decor_opposing, minmay_vboxes,
          uniq_menkaure, uniq_eustachio, uniq_edmund
D:5:      layout_rooms, gammafunk_temple_overflow_claw, temple_fountains,
          uniq_grinder

Skill      XL: |  1  2  3  4  5 |
---------------+----------------+-----
Short Blades   | 1 2 |  2.4
Stealth        | 4 |  4.2
Armour         | 1 |  1.3
Fighting       | 1 |  1.0
Spellcasting   | 3 |  3.0
Dodging        | |  2.6
Transmutations | |  1.1
Earth Magic    | |  3.9

Action                   |  1- 3 |  4- 6 || total
-------------------------+-------+-------++-------
Melee: Short sword       |    31 |       ||    31
       Bite              |     9 |    13 ||    22
       Dagger            |    44 |   107 ||   151
 Cast: Sandblast         |    24 |    40 ||    64
  Use: Potion            |       |     5 ||     5
       Scroll            |       |     3 ||     3
 Stab: Sleeping          |     6 |     1 ||     7
       Distracted        |       |     1 ||     1
       Invisible         |       |     1 ||     1
Armor: Robe              |     4 |       ||     4
       Leather armour    |    17 |    60 ||    77
Dodge: Dodged            |    39 |    72 ||   111

Table legend: (Time is in decaauts)
 A = Elapsed time spent in this place.
 B = Non-inter-level travel time spent in this place.
 C = Inter-level travel time spent in this place.
 D = Time resting spent in this place.
 E = Time spent auto-exploring this place.
 F = Levels seen in this place.
 G = Mean time per level.
                   A        B        C        D        E       F      G
               +--------+--------+--------+--------+--------+-----+--------+
         Total |   3122 |   3076 |     46 |    320 |   2048 |   5 |  624.4 |
       Dungeon |   3122 |   3076 |     46 |    320 |   2048 |   5 |  624.4 |
               +--------+--------+--------+--------+--------+-----+--------+

Top non-repeatable levels by time:
     D:3: 1531 daAuts
     D:1: 734 daAuts
     D:2: 697 daAuts
     D:5: 131 daAuts
     D:4: 27 daAuts
